 Dungeon Crawl Stone Soup version 0.17-a0-1632-g0af21bd (webtiles) character file.

74 urechis the Ruffian (level 4, -1/45 HPs)
             Began as a Troll Monk on Aug 3, 2015.
             Slain by Sigmund
             ... wielding a +0 scythe
              (8 damage)
             ... on level 2 of the Dungeon.
             The game lasted 00:01:17 (662 turns).

urechis the Ruffian (Troll Monk)                     Turns: 662, Time: 00:01:17

Health: -1/45      AC:  5    Str: 19    XL:     4   Next: 10%
Magic:  3/3        EV: 11    Int:  6    God:
Gold:   77         SH:  0    Dex: 13    Spells: 0 memorised, 3 levels left

rFire  . . .     SeeInvis .       - Unarmed
rCold  . . .     Clarity  .     a - +0 robe
rNeg   . . .     SustAt   .     (no shield)
rPois  .         Gourm    +     (helmet restricted)
rElec  .         Spirit   .     (no cloak)
rCorr  .         Warding  .     (gloves unavailable)
rMut   .         Stasis   .     (boots unavailable)
MR     .....                    (no amulet)
Stlth  +.........               (no ring)
                                f - +1 ring of evasion

@: not resistant to hostile enchantments, very unstealthy
A: unfitting armour, claws 3, fast metabolism 3, gourmand, regeneration 2,
shaggy fur 1, tough skin 2
a: no special abilities


You were on level 2 of the Dungeon.
You were not hungry.

You visited 1 branch of the dungeon, and saw 2 of its levels.

You collected 77 gold pieces.

Inventory:

Armour
 a - a +0 robe (worn)
Jewellery
 f - a +1 ring of evasion (left claw)
Scrolls
 c - a scroll of fog {unknown}
 g - a scroll of enchant armour {unknown}
 h - a scroll of blinking {unknown}
 i - 3 scrolls of teleportation {unknown}
 j - a scroll of fear {unknown}
 k - 2 scrolls of identify {unknown}
Potions
 d - 2 potions of curing {unknown}
 e - a potion of heal wounds {unknown}
Comestibles
 b - 4 bread rations


   Skills:
 + Level 3.3 Fighting
 - Level 2.4 Dodging
 - Level 1.1 Stealth
 * Level 5.0 Unarmed Combat


You had 3 spell levels left.
You didn't know any spells.

Dungeon Overview and Level Annotations

Branches:
Dungeon (2/15)

Altars:

Annotations:
D:2 Sigmund


Innate Abilities, Weirdness & Mutations

You are too large for most types of armour.
You have claws for hands.
Your metabolism is lightning-fast.
You like to eat raw meat.
You heal very quickly.
You are covered in fur (AC +1).
You have very tough skin (AC +2).


Message History

You barely miss the bat.
The bat is almost dead.
The bat barely misses you. Something completely misses you.
You scratch the bat.
You kill the bat!
Something hits you but does no damage.
No target in view!
No target in view!
There is a strange disturbance nearby!
There is a strange disturbance nearby!
You miss something. You closely miss something. Something hits you!
* * * LOW HITPOINT WARNING * * *
You miss something. You closely miss something. Something hits you.
* * * LOW HITPOINT WARNING * * *
You miss something. Something barely misses you.
You miss something. You claw something! Something hits you!
You die...

#.# #.# #.# #.. ..#
....... #.# #..
.#######....... #.
............... #.
#.............. #.
#...............
#..............# ##
#.....{........# #.
#......@.#
##.#########.
###.####.#
.............
###.##.#.#########.
##.#.#.##.# ###.
#.......#.# #...
##.#.#.##.# #...
#....†..#.# #...
..#.#.#.##.# #...
........>...#######...


There were no monsters in sight!

Vanquished Creatures
  2 adders (D:2)
  An ooze (D:2)
  A worm (D:2)
  A giant gecko (D:1)
  4 bats
  A giant cockroach (D:1)
  10 goblins
  6 hobgoblins
  6 jackals (D:1)
  5 kobolds
  2 quokkas (D:2)
  3 giant newts
  3 rats
45 creatures vanquished.

Notes
Turn   | Place    | Note
--------------------------------------------------------------
     0 | D:1      | urechis the Troll Monk began the quest for the Orb.
     0 | D:1      | Reached XP level 1. HP: 22/22 MP: 0/0
    89 | D:1      | Reached XP level 2. HP: 26/29 MP: 1/1
   354 | D:1      | Reached XP level 3. HP: 37/37 MP: 2/2
   620 | D:2      | Reached skill level 5 in Unarmed Combat
   620 | D:2      | Reached XP level 4. HP: 45/45 MP: 3/3
   649 | D:2      | Noticed Sigmund
   662 | D:2      | Slain by Sigmund

Vault maps used:
D:1:      lemuel_arrival_lava_pool, kennysheep_flooded_box
D:2:      st_stairs_8, uniq_jessica, uniq_sigmund

Action                   |  1- 3 |  4- 6 || total
-------------------------+-------+-------++-------
Melee: Unarmed           |   102 |    16 ||   118
 Stab: Sleeping          |     1 |       ||     1
  Eat: Chunk             |     4 |     2 ||     6
